 Dungeon Crawl Stone Soup version 0.29-a0-521-g59ce8b2d47 (webtiles) character file.

Game seed: 2530559279605272079

3477 Morbidden the Chopper (level 9, -4/68 HPs)
             Began as a Demonspawn Fighter on June 1, 2022.
             Was a Follower of Cheibriados.
             Slain by an ogre
             ... wielding a +0 giant club
              (21 damage)
             ... on level 7 of the Dungeon.
             The game lasted 00:07:30 (8113 turns).

Morbidden the Chopper (Demonspawn Fighter)          Turns: 8113, Time: 00:07:30

Health: -4/68      AC: 16    Str: 23    XL:     9   Next: 79%
Magic:  14/14      EV:  6    Int: 11    God:    Cheibriados [*.....]
Gold:   335        SH:  9    Dex: 15    Spells: 13/15 levels left

rFire   . . .      SeeInvis +   a - +1 war axe
rCold   . . .      Faith    .   r - +0 kite shield
rNeg    . . .      Spirit   .   u - +0 plate armour
rPois   .          Reflect  .   c - +0 helmet
rElec   .          Harm     .   p - +0 cloak
rCorr   .          Rampage  .   (no gloves)
Will    .....                   (boots unavailable)
Stlth   ..........              (no amulet)
HPRegen 0.21/turn               f - ring of see invisible
MPRegen 0.14/turn               (no ring)

@: very slow
A: hooves 3, yellow scales 1, demonic magic 1, mutation resistance 1
a: Renounce Religion, Bend Time


You were on level 7 of the Dungeon.
You worshipped Cheibriados.
Cheibriados was aware of your devotion.
You visited 2 branches of the dungeon, and saw 8 of its levels.

You collected 335 gold pieces.

Inventory:

Hand Weapons
 a - a +1 war axe (weapon)
Missiles
 q - 3 javelins (quivered)
Armour
 c - a +0 helmet (worn)
 p - a +0 cloak (worn)
 r - a +0 kite shield (worn)
 u - a +0 plate armour (worn)
Jewellery
 f - a ring of see invisible (left hand)
Wands
 g - a wand of paralysis (3)
Scrolls
 b - a scroll of torment
 j - 2 scrolls of enchant weapon
 k - 3 scrolls of teleportation
 n - 3 scrolls of identify
 v - 3 scrolls of poison
Potions
 d - a potion of might
 i - 3 potions of curing
 m - a potion of degeneration
 w - 2 potions of resistance
 x - a potion of invisibility
 z - a potion of attraction


   Skills:
 * Level 5.5 Fighting
 * Level 7.7 Axes
 + Level 0.5 Throwing
 + Level 4.7 Armour
 * Level 4.3 Dodging
 + Level 1.9 Stealth
 * Level 5.1 Shields
 * Level 3.5 Spellcasting
 * Level 2.2 Conjurations
 * Level 2.2 Air Magic
 * Level 0.8 Invocations
 + Level 0.2 Evocations


You had 13 spell levels left.
You knew the following spells:

 Your Spells              Type           Power      Damage    Failure   Level
a - Static Discharge      Conj/Air       6%         N/A       100%        2

Your spell library contained the following spells:

 Spells                   Type           Power      Damage    Failure   Level
 Summon Small Mammal      Summ           4%         N/A       100%        1
 Call Canine Familiar     Summ           1%         N/A       100%        3
 Summon Guardian Golem    Hex/Summ       1%         N/A       100%        3
 Lightning Bolt           Conj/Air       3%         1d14      100%        5
 Malign Gateway           Summ/Tloc      0%         N/A       100%        7
 Maxwell's Capacitive Co  Air            3%         ∞         100%        8
 Summon Horrible Things   Summ           0%         N/A       100%        8


Dungeon Overview and Level Annotations

Branches:
Dungeon (7/15)             Temple (1/1) D:7

Altars:
Ashenzari
Cheibriados
Elyvilon
Fedhas
Gozag
Hepliaklqana
Kikubaaqudgha
Makhleb
Okawaru
Qazlal
Sif Muna
Trog
Uskayaw
Vehumet
Wu Jian
Xom
Yredelemnul
Zin

Annotations:
D:3 2 transporters, kMk's ghost, weakling OgNe
D:6 2 transporters


Innate Abilities, Weirdness & Mutations

You have hooves in place of feet.
You are partially covered in yellow scales. (AC +2)
Spells you cast may paralyse adjacent enemies.
You are somewhat resistant to further mutation.


Message History

You can now bend time to slow others.
Cheibriados raises the support of your attributes as your movement slows.
You slash the gnoll! You block the gnoll's attack.
You slash the gnoll!
You kill the gnoll!
Cheibriados appreciates the change of pace.
An ogre comes into view. It is wielding a +0 giant spiked club.
Unknown command.
You closely miss the ogre. You kick the ogre.
The ogre is lightly wounded.
The ogre hits you with a +0 giant spiked club!
You are too injured to fight recklessly!
You are too injured to fight recklessly!
You are too injured to fight recklessly!
You are too injured to fight recklessly!
You are too injured to fight recklessly!
You slash the ogre!
The ogre is heavily wounded.
The ogre hits you with a +0 giant spiked club!
* * * LOW HITPOINT WARNING * * *
You slash the ogre! You kick the ogre.
You kill the ogre!
Cheibriados appreciates the change of pace.
Unknown command.
You are no longer glowing.
Things that are here:
a +0 giant spiked club; an ogre corpse You start resting.
An ogre comes into view. It is wielding a +0 giant club.
An ogre is nearby!
An ogre is nearby!
An ogre is nearby!
An ogre is nearby!
You are too injured to fight recklessly!
You are too injured to fight recklessly!
You are too injured to fight recklessly!
You hit the ogre.
The ogre is lightly wounded.
The ogre hits you with a +0 giant club!!
You die...

## ........P##
##≈ ........P
##§≈ #[.....P♣♣
#####§§.
#..P...♣.♣
#...#≈.. .
#......P♣
##..'§..
..##+#....PP♣.♣
#.##≈..
..........OP.♣
#.##≈..
.........@#
#.##§§§
.P....))..#
#.###§.
#+#..))))#
#.###§§
#..##')#
#...##≈ #.
#...# ####### #
#...# # #...#
#### ###)# #..
#..## #.#


You could see an ogre.

Vanquished Creatures
  Grinder (D:5)
  6 yaks (D:6)
  Edmund (D:6)
  A black bear (D:6)
  2 ice beasts (D:7)
  3 ogres
  3 centaurs
  A phantom (D:5)
  A bullfrog (D:6)
  4 necrophages
  4 scorpions
  An electric eel (D:7)
  Crazy Yiuf (D:2)
  4 jellies
  4 gnoll shamans
  4 hounds
  3 iguanas
  Ijyb (D:3)
  Robin (D:3)
  10 gnolls
  12 adders
  A white imp (D:7)
  2 ufetubi
  A dart slug (D:5)
  8 orcs
  7 endoplasms
  4 giant cockroaches
  9 hobgoblins
  4 jackals (D:1)
  5 kobolds
  7 quokkas
  6 ball pythons
  8 bats
  5 frilled lizards
  23 goblins
  9 rats
167 creatures vanquished.

Vanquished Creatures (others)
  5 fungi (D:7)
  15 plants
20 creatures vanquished.

Grand Total: 187 creatures vanquished

Notes
Turn   | Place    | Note
-------+----------+-------------------------------------------
     0 | D:1      | Morbidden the Demonspawn Fighter began the quest for the
                  | Orb.
     0 | D:1      | Reached XP level 1. HP: 18/18 MP: 1/1
   372 | D:1      | Gained mutation: You have large cloven feet. [demonic
                  | ancestry]
   372 | D:1      | Reached XP level 2. HP: 24/24 MP: 2/2
   381 | D:1      | Reached skill level 2 in Axes
   652 | D:1      | Found a faded altar of an unknown god.
   937 | D:1      | Reached XP level 3. HP: 29/29 MP: 4/4
  1556 | D:2      | Found a runed translucent door.
  1557 | D:2      | Noticed Crazy Yiuf
  1710 | D:2      | Reached skill level 1 in Dodging
  1717 | D:2      | Gained mutation: Spells you cast may paralyse adjacent
                  | enemies. [demonic ancestry]
  1717 | D:2      | Reached XP level 4. HP: 35/35 MP: 5/5
  1853 | D:2      | Reached skill level 1 in Spellcasting
  1953 | D:2      | Killed Crazy Yiuf
  1954 | D:2      | Reached skill level 3 in Axes
  2029 | D:3      | Noticed a scorpion
  2032 | D:3      | Found a hazy altar of Hepliaklqana.
  2041 | D:3      | Killed a scorpion
  2042 | D:3      | Gained mutation: You have hoof-like feet. [demonic
                  | ancestry]
  2042 | D:3      | Reached XP level 5. HP: 15/42 MP: 6/6
  2301 | D:3      | Noticed Ijyb
  2301 | D:3      | Paralysed by Ijyb for 4 turns
  2315 | D:3      | Paralysed by Ijyb for 5 turns
  2329 | D:3      | Paralysed by Ijyb for 5 turns
  2334 | D:3      | Killed Ijyb
  2335 | D:3      | HP: 2/42 [bat (1)]
  2656 | D:3      | Noticed Robin
  2677 | D:3      | Killed Robin
  2683 | D:3      | Reached skill level 4 in Axes
  2909 | D:3      | Found a transporter.
  2911 | D:3      | Noticed kMk's ghost (weakling OgNe)
  2918 | D:3      | Found a transporter.
  3142 | D:3      | Found a radiant altar of Vehumet.
  3234 | D:3      | Identified the +1 robe of Qazlal's Inspiration {Harm Will+}
  3322 | D:4      | Gained mutation: You are partially covered in yellow
                  | scales. (AC +2) [demonic ancestry]
  3322 | D:4      | Reached XP level 6. HP: 34/48 MP: 8/8
  3509 | D:4      | Found a blossoming altar of Fedhas.
  3707 | D:4      | Found a shimmering blue altar of Sif Muna.
  4255 | D:5      | Entered Level 5 of the Dungeon
  4306 | D:5      | Reached XP level 7. HP: 54/54 MP: 8/10
  4383 | D:5      | Noticed Grinder
  4395 | D:5      | Paralysed by Grinder for 2 turns
  4398 | D:5      | Paralysed by Grinder for 3 turns
  4405 | D:5      | Killed Grinder
  4406 | D:5      | Reached skill level 5 in Axes
  4425 | D:5      | Reached skill level 1 in Stealth
  4728 | D:5      | Gained mutation: You have hooves in place of feet. [demonic
                  | ancestry]
  4728 | D:5      | Reached XP level 8. HP: 47/61 MP: 11/11
  5463 | D:6      | Found a transporter.
  5493 | D:6      | Noticed Edmund
  5502 | D:6      | Reached skill level 6 in Axes
  5511 | D:6      | Killed Edmund
  5703 | D:6      | Learned a level 2 spell: Static Discharge
  5973 | D:6      | Found a transporter.
  6006 | D:6      | Gained mutation: Your mind is acute. (Int +2) [potion of
                  | mutation]
  6006 | D:6      | Gained mutation: Armour fits poorly on your strangely
                  | shaped body. [potion of mutation]
  6007 | D:6      | Lost mutation: Your mind is acute. (Int +2) [potion of
                  | mutation]
  6007 | D:6      | Lost mutation: Armour fits poorly on your strangely shaped
                  | body. [potion of mutation]
  6007 | D:6      | Gained mutation: You are somewhat resistant to further
                  | mutation. [potion of mutation]
  6017 | D:6      | Reached skill level 5 in Fighting
  6017 | D:6      | Reached XP level 9. HP: 20/68 MP: 13/13
  6026 | D:6      | HP: 3/68 [yak (8)]
  6028 | D:6      | Noticed a kobold demonologist
  6029 | D:6      | Noticed a kobold demonologist
  6721 | D:6      | Noticed an orc high priest
  6736 | D:6      | Reached skill level 1 in Conjurations
  6965 | D:6      | Reached skill level 1 in Air Magic
  6975 | D:6      | Reached skill level 7 in Axes
  6984 | D:6      | Reached skill level 5 in Shields
  7216 | D:7      | Found a staircase to the Ecumenical Temple.
  7246 | Temple   | Entered the Ecumenical Temple
  7253 | Temple   | Became a worshipper of Cheibriados the Contemplative
  8105 | D:7      | Reached * piety under Cheibriados
  8113 | D:7      | Slain by an ogre

Illustrated notes

Levels and vault maps discovered:
D:1:      dpeg_arrival_fog, layout_basic, chequers_ecumenical_altar_island,
          serial_bayou_lagoon_b
D:2:      layout_loops_ring, minmay_box_of_dots, uniq_crazy_yiuf_cottage
D:3:      layout_basic, lemuel_doored_altar, mainiacjoe_overflow_cross_hatched,
          gammafunk_ghost_arena, uniq_ijyb, uniq_robin
D:4:      layout_loops_ring, mainiacjoe_overflow_brackets, fedhas_altar_2,
          mainiacjoe_overflow_alcove_1
D:5:      layout_basic, nicolae_elyvilon_peaceful_grove,
          chequers_decorated_corner, uniq_grinder
D:6:      gammafunk_wand_slinger, layout_loops_ring, uniq_edmund
D:7:      kennysheep_seaside_town, layout_loops_ring,
          minmay_temple_entry_large_hall, kennysheep_nondescript,
          serial_bayou_lagoon_a, kennysheep_potato
Temple:   nicolae_temple_no_exploring_needed

Skill      XL: |  1  2  3  4  5  6  7  8  9 |
---------------+----------------------------+-----
Axes           | 2 3 4 5 6 7 |  7.7
Dodging        | 1 2 3 4 |  4.3
Armour         | 3 4 |  4.7
Spellcasting   | 1 2 3 |  3.5
Shields        | 3 4 5 |  5.1
Fighting       | 4 5 |  5.5
Stealth        | 1 |  1.9
Conjurations   | 2 |  2.2
Air Magic      | 2 |  2.2
Throwing       | |  0.5
Invocations    | |  0.8
Evocations     | |  0.2

Action                   |  1- 3 |  4- 6 |  7- 9 || total
-------------------------+-------+-------+-------++-------
Melee: War axe           |    98 |   162 |   263 ||   523
       Kick              |    10 |    39 |    89 ||   138
Throw: Javelin           |       |     7 |     6 ||    13
Evoke: Wand              |       |       |     5 ||     5
  Use: Potion            |       |       |     9 ||     9
       Scroll            |       |       |    10 ||    10
 Stab: Paralysed         |       |       |     6 ||     6
       Invisible         |       |       |     3 ||     3
Armor: Scale mail        |    46 |    68 |       ||   114
       Plate armour      |       |    42 |   175 ||   217
Dodge: Dodged            |    45 |    57 |    75 ||   177
Block: Buckler           |    17 |    13 |       ||    30
       Kite shield       |       |    63 |   142 ||   205

Table legend: (Time is in decaauts)
 A = Elapsed time spent in this place.
 B = Non-inter-level travel time spent in this place.
 C = Inter-level travel time spent in this place.
 D = Time resting spent in this place.
 E = Time spent auto-exploring this place.
 F = Levels seen in this place.
 G = Mean time per level.
                   A        B        C        D        E       F      G
               +--------+--------+--------+--------+--------+-----+--------+
         Total |   8417 |   8215 |    202 |   1335 |   5522 |   8 | 1052.1 |
       Dungeon |   8401 |   8207 |    194 |   1335 |   5522 |   7 | 1200.1 |
        Temple |     16 |      9 |      7 |      0 |      0 |   1 |   16.0 |
               +--------+--------+--------+--------+--------+-----+--------+

Top non-repeatable levels by time:
     D:5: 1800 daAuts
     D:3: 1327 daAuts
     D:6: 1216 daAuts
     D:1: 1113 daAuts
     D:7: 988 daAuts
     D:2: 983 daAuts
     D:4: 972 daAuts
  Temple: 16 daAuts
